 Dungeon Crawl Stone Soup version 0.22.1-1-ga44c0e56f4 (webtiles) character file.

198931 Peloso the Hoplite (level 18, -10/168 HPs)
             Began as a Minotaur Fighter on Nov 6, 2018.
             Was the Champion of Okawaru.
             Blown up by an orb spider (49 damage)
             ... with an orb of destruction
             ... on level 4 of the Spider Nest.
             The game lasted 01:56:58 (38205 turns).

Peloso the Hoplite (Minotaur Fighter)              Turns: 38205, Time: 01:56:58

Health: -10/168    AC: 31    Str: 29    XL:     18   Next: 22%
Magic:  6/19       EV: 12    Int:  5    God:    Okawaru [******]
Gold:   839        SH: 18    Dex: 15    Spells: 17/17 levels left

rFire    + . .     SeeInvis .   b - +9 falchion of Linearity {freeze, Str+2}
rCold    + + +     Gourm    .   c - +0 shield
rNeg     + . .     Faith    +   R - +1 plate armour of Nodaf {*Contam *Corrode rElec rC+++}
rPois    +         Spirit   .   O - -2 hat of the Alchemist {rElec rPois rF+ rC+ rN+ MR+ rMut rCorr}
rElec    +         Reflect  .   P - +2 cloak {MR+}
rCorr    +         Harm     .   v - +1 pair of gloves of the Furies {Dex+3}
rMut     +                      d - +1 pair of boots of Valour {rElec Stlth+}
MR       ++++.                  K - amulet of faith
Stlth    ..........             l - ring of protection from magic
HPRegen  0.38/turn              E - +5 ring of protection
MPRegen  0.16/turn

@: no status effects
A: retaliatory headbutt, horns 2
a: Heroism, Finesse, Renounce Religion


You were on level 4 of the Spider Nest.
You worshipped Okawaru.
Okawaru was exalted by your worship.
You were near starving.

You visited 6 branches of the dungeon, and saw 30 of its levels.
You visited 1 bazaar.
You also visited: Ice Cave and Volcano.

You collected 2976 gold pieces.
You spent 2137 gold pieces at shops.

Inventory:

Hand Weapons
 a - a +2 double sword of freezing
 b - the +9 falchion of Linearity (weapon) {freeze, Str+2}
   (Okawaru gifted it to you on level 10 of the Dungeon)

   It has been specially enchanted to freeze those struck by it, causing extra
   injury to most foes and up to half again as much damage against particularly
   susceptible opponents.
   It can also slow down cold-blooded creatures.
   It affects your strength (+2).
 u - a +1 double sword of holy wrath
Armour
 c - a +0 shield (worn)
 d - the +1 pair of boots of Valour (worn) {rElec Stlth+}
   (Okawaru gifted it to you on level 1 of the Lair of Beasts)

   It insulates you from electricity.
   It makes you more stealthy.
 k - a scarf of resistance
 r - a +2 pair of gloves of strength
 v - the +1 pair of gloves of the Furies (worn) {Dex+3}
   (Okawaru gifted it to you on level 14 of the Dungeon)

   It affects your dexterity (+3).
 C - a +1 plate armour of fire resistance
 O - the -2 hat of the Alchemist (worn) {rElec rPois rF+ rC+ rN+ MR+ rMut rCorr}
   (You bought it in a shop in a bazaar)

   It protects you from fire.
   It protects you from cold.
   It insulates you from electricity.
   It protects you from poison.
   It protects you from negative energy.
   It affects your resistance to hostile enchantments.
   It provides partial protection from all sources of acid and corrosion.
   It protects you from mutation.
 P - a +2 cloak of magic resistance (worn)
 R - the +1 plate armour of Nodaf (worn) {*Contam *Corrode rElec rC+++}
   (You bought it in a shop in a bazaar)

   It renders you almost immune to cold.
   It insulates you from electricity.
   It causes magical contamination when unequipped.
   It may corrode you when you take damage.
Jewellery
 j - an uncursed ring of protection from fire
 l - a ring of protection from magic (left hand)
 m - an uncursed amulet of rage
 y - a +3 ring of protection
 B - a +2 ring of strength {unknown}
 D - an uncursed ring of see invisible
 E - a +5 ring of protection (right hand)
 K - an amulet of faith (around neck)
Wands
 x - a wand of flame (73)
 z - a wand of digging (14)
 F - a wand of disintegration (14)
 G - a wand of acid (8)
Scrolls
 g - 12 scrolls of remove curse
 h - 4 scrolls of fog
 i - 2 scrolls of teleportation
 n - 6 scrolls of blinking
 o - a scroll of enchant armour
 q - 5 scrolls of fear
 t - a scroll of brand weapon
 w - a scroll of noise
 A - a scroll of magic mapping
 I - 4 scrolls of identify
 M - a scroll of silence
Potions
 e - a potion of heal wounds
 p - 2 potions of agility
 s - 2 potions of flight
 H - 2 potions of berserk rage
 L - a potion of curing
 Q - 4 potions of haste
 T - 3 potions of resistance
Comestibles
 f - 63 rations
 J - 2 chunks of flesh


   Skills:
 + Level 16.4 Fighting
 + Level 18.0 Long Blades
 + Level 16.9 Armour
 + Level 6.2 Dodging
 + Level 3.0 Stealth
 + Level 22.4 Shields
 + Level 3.0 Invocations
 + Level 1.8 Evocations


You had 17 spell levels left.
You didn't know any spells.
Your spell library contained the following spells:

 Spells                   Type           Power        Failure   Level  Hunger
 Confusing Touch          Hex            #.....       95%         1    ##.....
 Freeze                   Ice            #...         95%         1    ##.....
 Infusion                 Chrm           #...         95%         1    ##.....
 Magic Dart               Conj           #...         95%         1    ##.....
 Blink                    Tloc           N/A          99%         2    ###....
 Call Imp                 Summ           #.......     99%         2    ###....
 Ensorcelled Hibernation  Hex/Ice        #.....       99%         2    ###....
 Poisonous Vapours        Pois/Air       #.....       99%         2    ###....
 Searing Ray              Conj           #.....       99%         2    ###....
 Shroud of Golubria       Chrm/Tloc      #.........   99%         2    ###....
 Slow                     Hex            #.......     99%         2    ###....
 Song of Slaying          Chrm           #.......     99%         2    ###....
 Throw Frost              Conj/Ice       #.....       99%         2    ###....
 Confuse                  Hex            #.......     100%        3    ####...
 Conjure Flame            Conj/Fire      #.......     100%        3    ####...
 Dazzling Spray           Conj/Hex       #.....       100%        3    ####...
 Gell's Gravitas          Tloc           #.........   100%        3    ####...
 Mephitic Cloud           Conj/Pois/Air  #.......     100%        3    ####...
 Ozocubu's Armour         Chrm/Ice       #.......     100%        3    ####...
 Recall                   Summ/Tloc      N/A          100%        3    ####...
 Regeneration             Chrm/Necr      #.........   100%        3    ####...
 Spectral Weapon          Hex/Chrm       #.......     100%        3    ####...
 Animate Dead             Necr           N/A          100%        4    #####..
 Force Lance              Conj/Tloc      #.......     100%        4    #####..
 Fulminant Prism          Conj/Hex       #.........   100%        4    #####..
 Iskenderun's Mystic Bla  Conj           #.......     100%        4    #####..
 Petrify                  Tmut/Erth      #.......     100%        4    #####..
 Summon Ice Beast         Ice/Summ       #.......     100%        4    #####..
 Throw Icicle             Conj/Ice       #.......     100%        4    #####..
 Borgnjor's Vile Clutch   Necr/Erth      #.........   100%        5    ######.
 Metabolic Englaciation   Hex/Ice        #.........   100%        5    ######.
 Silence                  Hex/Air        #.........   100%        5    ######.
 Yara's Violent Unravell  Hex/Tmut       #.........   100%        5    ######.
 Darkness                 Hex            #.........   100%        6    #######
 Death Channel            Necr           #.........   100%        6    #######
 Freezing Cloud           Conj/Ice/Air   #.........   100%        6    #######
 Shadow Creatures         Summ           N/A          100%        6    #######
 Simulacrum               Ice/Necr       #.........   100%        6    #######
 Ring of Flames           Chrm/Fire      #.........   100%        7    #######


Dungeon Overview and Level Annotations

Branches:
Dungeon (15/15)            Temple (1/1) D:4            Lair (6/6) D:9
  Swamp (0/4) Lair:3       Spider (4/4) Lair:4        Slime (0/5) Lair:5
    Orc (2/2) D:12            Elf (2/3) Orc:2        Vaults (0/5) D:14
 Depths (0/5) D:15

Altars:
Dithmenos
Elyvilon
Gozag
Kikubaaqudgha
Makhleb
Okawaru
Qazlal
Ru
Sif Muna
Trog
Uskayaw
Wu Jian
Beogh

Shops:
D:15 (   Orc:2 %(([


Innate Abilities, Weirdness & Mutations

You reflexively headbutt those who attack you in melee.
You have a pair of horns on your head.


Message History

The orb spider weaves a glowing orb of energy.
The orb of destruction hits a rock wall.
The jumping spider leaps!
You miss the jumping spider.
Your headbutt misses the jumping spider.
The orb spider spins a strand of pure energy.
You block the jumping spider's attack.
The jumping spider bites you but does no damage.
Unknown command.
You slash the jumping spider! You freeze the jumping spider.
Your headbutt misses the jumping spider.
The jumping spider is heavily wounded.
The jumping spider leaps!
Unknown command.
The jumping spider leaps!
The orb spider weaves a glowing orb of energy.
An orb of destruction comes into view.
The orb spider pulsates with a strange energy.
The orb of destruction hits you!
You die...

##^.###s....#
...#.#..#### #....#.§#
##.#..#.s# #.....#.§#
# ##.#...§# .# ..## #
#..#^..§#..# ....
###.###.###§....#
...##....#.#...#@#...#
#...#.....^#.......#^#
...## #..^..^###.####
#...###..##...# ..#
..###.....#^###^..##
...#...####.##..#.#
..####..#.#.....###
#...#..........##
#......#.....#...#


You could see an orb spider.

Vanquished Creatures
  Arachne (Spider:4)
  Rupert (Orc:2)
  Asterion (Elf:1)
  Gastronok (D:11)
  2 ghost moths
  2 orc warlords
  4 emperor scorpions
  3 entropy weavers
  3 spark wasps
  An ettin (D:15)
  An ogre mage (D:15)
  Josephine (Orc:2)
  A deep elf high priest (Elf:1)
  2 vault guards (D:14)
  5 hydras
  Harold (Orc:1)
  A catoblepas (Lair:6)
  2 centaur warriors
  23 dancing weapons
  8 two-headed ogres
  A queen ant (Lair:6)
  A deep troll shaman (Lair:6)
  15 death yaks
  2 orc high priests (Orc:2)
  13 deep elf knights
  A deep troll (D:15)
  4 skeletal warriors (D:11)
  3 unseen horrors
  8 wizards
  2 lindwurms (Lair:6)
  13 orb spiders
  A harpy (shapeshifter) (D:14)
  36 deep elf magi
  4 deep elf archers
  An orc knight (Orc:2)
  3 necromancers (D:14)
  4 cyclopes
  7 orc sorcerers
  19 ugly things
  17 elephants
  3 manticores
  An orb spider (shapeshifter) (D:14)
  5 toenail golems (Volcano)
  20 wolf spiders
  A moth of wrath (Spider:3)
  5 black mambas
  Maurice (D:10)
  3 centaur skeletons
  2 gargoyles
  2 ice statues (IceCv)
  An eye of devastation (Lair:5)
  14 spiny frogs
  6 rime drakes
  3 kobold demonologists
  A yaktaur (D:15)
  A freezing wraith (D:15)
  13 demonic crawlers
  5 komodo dragons
  27 jumping spiders
  A polar bear (Lair:6)
  A tengu conjurer (D:15)
  A queen bee (Lair:6)
  3 tyrant leeches (Lair:3)
  10 trolls
  6 meliai
  A hornet (D:13)
  A hornet (shapeshifter) (D:15)
  16 blink frogs
  A harpy skeleton (D:14)
  19 hippogriffs
  3 dream sheep (Lair:5)
  A meliai zombie (D:12)
  A hippogriff (shapeshifter) (Elf:1)
  A centaur simulacrum (D:14)
  73 redbacks
  A yak (shapeshifter) (D:14)
  3 water elementals
  2 shadows
  29 tarantellas
  5 wraiths
  25 yaks
  8 wyverns
  Sigmund (D:3)
  2 fire elementals
  15 humans (D:14)
  8 basilisks
  A steam dragon (Lair:4)
  8 wargs
  7 vampire mosquitoes
  Edmund (D:5)
  An acid dragon (D:15)
  A swamp worm (Lair:3)
  20 soldier ants
  16 water moccasins
  7 porcupines
  3 sky beasts
  3 black bears
  17 ice beasts
  38 orc warriors
  2 eyes of draining
  2 phantoms
  An eye of draining (shapeshifter) (Elf:2)
  10 ogres
  33 wolves
  10 centaurs
  10 crocodiles
  4 big kobolds
  13 bullfrogs
  2 earth elementals
  A wyvern skeleton (D:10)
  6 scorpions
  A water moccasin skeleton (D:7)
  21 killer bees (Lair:6)
  2 howler monkeys
  2 electric eels (D:9)
  2 bullfrog zombies
  A centaur zombie (D:11)
  8 crimson imps
  10 hounds
  A gnoll shaman (Orc:2)
  2 jellies
  24 orc priests
  5 bullfrog skeletons
  Jessica (D:2)
  28 orc wizards
  32 worker ants
  3 iguanas
  2 hell rats (Lair:1)
  A hound zombie (D:5)
  2 hound skeletons
  3 worker ant zombies
  4 gnolls (Orc:2)
  24 adders
  5 river rats (Lair:1)
  6 shadow imps
  2 oozes
  2 adder skeletons
  An adder zombie (D:6)
  3 dart slugs
  11 leopard geckos
  128 orcs
  A ball python (D:1)
  5 giant cockroaches
  7 goblins
  2 hobgoblins
  24 jackals
  2 quokkas
  8 bats
  11 frilled lizards
  14 kobolds
  18 rats
1217 creatures vanquished.

Vanquished Creatures (collateral kills)
  3 dream sheep (Lair:5)
  A porcupine (Lair:5)
4 creatures vanquished.

Vanquished Creatures (others)
  A spiny frog (Lair:5)
  A redback (Spider:2)
  An orc warrior (Orc:2)
  A bullfrog (D:8)
  An electric eel (Elf:1)
  An orc wizard (D:14)
  2 bushes (Lair:6)
  52 fungi
  50 plants
110 creatures vanquished.

Grand Total: 1331 creatures vanquished

Notes
Turn   | Place    | Note
-------+----------+-------------------------------------------
     0 | D:1      | Peloso the Minotaur Fighter began the quest for the Orb.
     0 | D:1      | Reached XP level 1. HP: 19/19 MP: 0/0
    77 | D:1      | Reached XP level 2. HP: 17/27 MP: 1/1
   170 | D:1      | Reached skill level 4 in Shields
   281 | D:1      | Reached XP level 3. HP: 26/33 MP: 2/2
   569 | D:2      | Noticed Jessica
   577 | D:2      | Killed Jessica
   592 | D:2      | Reached XP level 4. HP: 35/40 MP: 3/3
   865 | D:2      | Noticed a dagger
   865 | D:2      | Noticed a dagger
   866 | D:2      | Found a hide-covered altar of Uskayaw.
   970 | D:3      | Reached skill level 1 in Dodging
  1161 | D:3      | Reached XP level 5. HP: 44/46 MP: 4/4
  1167 | D:3      | Found an ornate altar of the Wu Jian Council.
  1244 | D:3      | Noticed Sigmund
  1251 | D:3      | Killed Sigmund
  1251 | D:3      | Reached skill level 5 in Armour
  1251 | D:3      | Reached skill level 5 in Shields
  1251 | D:3      | Reached XP level 6. HP: 53/53 MP: 5/5
  1253 | D:3      | Found a bloodstained altar of Trog.
  1734 | D:4      | Reached skill level 5 in Long Blades
  1734 | D:4      | Reached skill level 6 in Shields
  1794 | D:4      | Noticed a sky beast
  1806 | D:4      | Killed a sky beast
  1806 | D:4      | Reached XP level 7. HP: 57/60 MP: 6/6
  2020 | D:4      | Found an opulent altar of Gozag.
  2130 | D:4      | Found a staircase to the Ecumenical Temple.
  2136 | Temple   | Entered the Ecumenical Temple
  2145 | Temple   | Became a worshipper of Warmaster Okawaru
  2176 | D:5      | Entered Level 5 of the Dungeon
  2192 | D:5      | Found a stormy altar of Qazlal.
  2549 | D:5      | Found a sacrificial altar of Ru.
  2623 | D:5      | Reached skill level 7 in Shields
  2749 | D:5      | Reached skill level 5 in Fighting
  2749 | D:5      | Noticed Edmund
  2764 | D:5      | Killed Edmund
  2764 | D:5      | Reached XP level 8. HP: 46/68 MP: 7/7
  2897 | D:6      | Found a deep blue altar of Sif Muna.
  2987 | D:6      | You fall through a shaft for 3 floors!
  3030 | D:9      | Reached * piety under Okawaru
  3231 | D:9      | Noticed a troll
  3233 | D:9      | Noticed Maurice
  3254 | D:9      | Noticed a two-headed ogre
  3261 | D:9      | Killed a two-headed ogre
  3261 | D:9      | Reached ** piety under Okawaru
  3261 | D:9      | Reached skill level 8 in Shields
  3261 | D:9      | Reached XP level 9. HP: 32/75 MP: 8/8
  4188 | D:6      | Found a burning altar of Makhleb.
  4499 | D:7      | Reached skill level 10 in Long Blades
  4499 | D:7      | Reached skill level 9 in Shields
  4657 | D:7      | Found a shadowy altar of Dithmenos.
  4704 | D:7      | Reached *** piety under Okawaru
  5550 | D:8      | Found a white marble altar of Elyvilon.
  5658 | D:8      | You fall through a shaft for 3 floors!
  5658 | D:11     | Found an ancient bone altar of Kikubaaqudgha.
  5663 | D:11     | Noticed a gargoyle
  5673 | D:11     | Reached XP level 10. HP: 61/86 MP: 9/9
  5702 | D:10     | Entered Level 10 of the Dungeon
  6037 | D:10     | Reached **** piety under Okawaru
  6037 | D:10     | Reached skill level 10 in Shields
  6068 | D:10     | Killed Maurice
  6114 | D:9      | Found a staircase to the Lair.
  6719 | D:9      | Found a roughly hewn altar of Beogh.
  7130 | D:8      | Noticed a two-headed ogre
  7136 | D:8      | Killed a two-headed ogre
  7136 | D:8      | Reached ***** piety under Okawaru
  7406 | D:10     | Found the +3 robe of Folly {Archmagi, MR-- Int+5}
  7474 | D:10     | Noticed a two-headed ogre
  7483 | D:10     | Killed a two-headed ogre
  7489 | D:10     | Reached skill level 11 in Shields
  7709 | D:10     | Noticed a two-headed ogre
  7720 | D:10     | Killed a two-headed ogre
  7720 | D:10     | Reached XP level 11. HP: 72/97 MP: 10/10
  8272 | D:10     | Received a gift from Okawaru
  8276 | D:10     | Got a jewelled falchion {god gift}
  8277 | D:10     | Identified the +9 falchion of Linearity {freeze, Str+2}
                  | (Okawaru gifted it to you on level 10 of the Dungeon)
  8335 | D:10     | Noticed a two-headed ogre
  8344 | D:10     | Killed a two-headed ogre
  8344 | D:10     | Reached skill level 1 in Stealth
  8702 | D:11     | Noticed Gastronok
  8720 | D:11     | Killed Gastronok
  8720 | D:11     | Reached skill level 10 in Armour
  8736 | D:11     | Reached ****** piety under Okawaru
  8884 | D:11     | Noticed a skeletal warrior
  8907 | D:11     | Killed a skeletal warrior
  8907 | D:11     | Reached skill level 10 in Fighting
  8916 | D:11     | Noticed a skeletal warrior
  8938 | D:11     | Killed a skeletal warrior
  9160 | D:11     | Noticed a skeletal warrior
  9186 | D:11     | Killed a skeletal warrior
  9186 | D:11     | Received a gift from Okawaru
  9204 | D:11     | Noticed a skeletal warrior
  9224 | D:11     | Killed a skeletal warrior
  9224 | D:11     | Reached skill level 12 in Shields
  9224 | D:11     | Reached skill level 1 in Invocations
  9847 | D:11     | Reached XP level 12. HP: 106/106 MP: 11/11
 10133 | Lair:1   | Entered Level 1 of the Lair of Beasts
 11522 | Lair:2   | Noticed a death yak
 11522 | Lair:2   | Noticed a death yak
 11522 | Lair:2   | Noticed a death yak
 11522 | Lair:2   | Noticed a death yak
 11522 | Lair:2   | Noticed a death yak
 11533 | Lair:1   | Killed a death yak
 11533 | Lair:1   | Reached skill level 13 in Shields
 11533 | Lair:1   | Reached skill level 1 in Evocations
 11544 | Lair:1   | Killed a death yak
 11544 | Lair:1   | Received a gift from Okawaru
 11547 | Lair:1   | Got a pair of slimy boots {god gift}
 11553 | Lair:1   | Identified the +1 pair of boots of Valour {rElec Stlth+}
                  | (Okawaru gifted it to you on level 1 of the Lair of Beasts)
 11640 | Lair:1   | Killed a death yak
 11646 | Lair:1   | Killed a death yak
 11660 | Lair:1   | Killed a death yak
 12764 | Lair:3   | Received a gift from Okawaru
 12777 | Lair:3   | Reached XP level 13. HP: 102/116 MP: 13/13
 12790 | Lair:3   | Got a slimy cloak {god gift}
 12801 | Lair:3   | Identified the +0 cloak of Hioroeg {rElec rF+} (Okawaru
                  | gifted it to you on level 3 of the Lair of Beasts)
 12886 | Lair:3   | Reached skill level 14 in Shields
 13361 | Lair:3   | Found a staircase to the Swamp.
 14150 | Lair:4   | You fall through a shaft for 2 floors!
 14150 | Lair:6   | Entered Level 6 of the Lair of Beasts
 14160 | Lair:6   | Received a gift from Okawaru
 14188 | Lair:6   | Reached skill level 15 in Shields
 14242 | Lair:6   | Received a gift from Okawaru
 14414 | Lair:6   | Reached skill level 15 in Long Blades
 14610 | Lair:6   | Noticed an entropy weaver
 14643 | Lair:6   | Killed an entropy weaver
 14707 | Lair:6   | Noticed an entropy weaver
 14786 | Lair:6   | Received a gift from Okawaru
 15223 | Lair:6   | Reached XP level 14. HP: 66/126 MP: 14/14
 15480 | Lair:6   | Received a gift from Okawaru
 15492 | Lair:6   | Reached skill level 16 in Shields
 16523 | Lair:6   | Killed an entropy weaver
 17538 | Lair:5   | Found a dark tunnel.
 17547 | Volcano  | Entered a volcano
 17800 | Volcano  | Received a gift from Okawaru
 17800 | Volcano  | Reached skill level 17 in Shields
 18651 | Lair:5   | Received a gift from Okawaru
 18710 | Lair:5   | Found a staircase to the Slime Pits.
 19374 | Lair:4   | Reached XP level 15. HP: 130/136 MP: 15/15
 19660 | Lair:4   | Found a hole to the Spider Nest.
 20492 | D:12     | Found a staircase to the Orcish Mines.
 20707 | D:12     | Received a gift from Okawaru
 21653 | D:14     | Found a frozen archway.
 21689 | IceCv    | Entered an ice cave
 21722 | IceCv    | Reached skill level 18 in Shields
 21726 | IceCv    | Found a transporter.
 21752 | IceCv    | Found a transporter.
 22289 | D:14     | Received a gift from Okawaru
 22289 | D:14     | Reached skill level 5 in Dodging
 22312 | D:14     | Got a pair of distressingly furry gloves {god gift}
 22323 | D:14     | Identified the +1 pair of gloves of the Furies {Dex+3}
                  | (Okawaru gifted it to you on level 14 of the Dungeon)
 22833 | D:14     | Found a gate to the Vaults.
 23853 | Orc:1    | Entered Level 1 of the Orcish Mines
 23901 | Orc:1    | Noticed Harold
 23916 | Orc:1    | Killed Harold
 23916 | Orc:1    | Received a gift from Okawaru
 23932 | Orc:1    | Noticed an orc warlord
 23998 | D:12     | Killed an orc warlord
 24463 | Orc:2    | Entered Level 2 of the Orcish Mines
 24605 | Orc:2    | Found a roughly hewn altar of Beogh.
 24706 | Orc:2    | Reached skill level 19 in Shields
 24793 | Orc:2    | Noticed Josephine
 24802 | Orc:2    | Killed Josephine
 25035 | Orc:2    | Noticed Rupert
 25058 | Orc:2    | Killed Rupert
 25058 | Orc:2    | Reached XP level 16. HP: 38/147 MP: 15/17
 25623 | Orc:2    | Found a roughly hewn altar of Beogh.
 25812 | Orc:2    | Found a staircase to the Elven Halls.
 26385 | Orc:2    | Found a roughly hewn altar of Beogh.
 26385 | Orc:2    | Found Hiysche's Food Boutique.
 26404 | Orc:2    | Found a roughly hewn altar of Beogh.
 26439 | Orc:2    | Found Qamom's Antique Weapon Boutique.
 26513 | Orc:2    | Found a roughly hewn altar of Beogh.
 26650 | Orc:2    | Found a roughly hewn altar of Beogh.
 26650 | Orc:2    | Found Natyb's Antique Weapon Shoppe.
 26651 | Orc:2    | Found Jakh's Antique Armour Emporium.
 27110 | D:15     | Entered Level 15 of the Dungeon
 27212 | D:15     | Received a gift from Okawaru
 27234 | D:15     | Found a staircase to the Depths.
 27241 | D:15     | Reached skill level 15 in Armour
 27532 | D:15     | Found Timpaluro's Antique Weapon Shop.
 27826 | Elf:1    | Entered Level 1 of the Elven Halls
 27843 | Elf:1    | Reached skill level 15 in Fighting
 27928 | Elf:1    | Received a gift from Okawaru
 27945 | Elf:1    | Found a flickering gateway to a bazaar.
 27970 | Bazaar   | Entered a bazaar
 27970 | Bazaar   | Found Qoumunor's Antique Armour Shoppe.
 27970 | Bazaar   | Found Soodghith's General Store.
 28319 | Bazaar   | Found Geass's Magic Scroll Shoppe.
 28335 | Bazaar   | Found Xatuenn's General Store.
 28353 | Bazaar   | Bought the -2 hat of the Alchemist {rElec rPois rF+ rC+ rN+
                  | MR+ rMut rCorr} for 991 gold pieces
 28353 | Bazaar   | Found the -2 hat of the Alchemist {rElec rPois rF+ rC+ rN+
                  | MR+ rMut rCorr}
 28372 | Bazaar   | Bought a transparent plate armour for 588 gold pieces
 28383 | Bazaar   | Identified the +1 plate armour of Nodaf {*Contam *Corrode
                  | rElec rC+++} (You bought it in a shop in a bazaar)
 28409 | Bazaar   | Bought a scroll of acquirement for 468 gold pieces
 28409 | Bazaar   | Bought a scroll of identify for 18 gold pieces
 28441 | Bazaar   | Bought a scroll of identify for 18 gold pieces
 28441 | Bazaar   | Bought a scroll of teleportation for 27 gold pieces
 28441 | Bazaar   | Bought a scroll of identify for 18 gold pieces
 28441 | Bazaar   | Bought a scroll of random uselessness for 9 gold pieces
 29053 | Elf:1    | Received a gift from Okawaru
 29151 | Elf:1    | Noticed Asterion
 29183 | Elf:1    | Killed Asterion
 29183 | Elf:1    | Reached skill level 20 in Shields
 31241 | Elf:2    | Reached XP level 17. HP: 150/156 MP: 18/18
 31411 | Elf:2    | Found a runed gate.
 31413 | Elf:2    | Found a runed gate.
 31414 | Elf:2    | Found a runed gate.
 31578 | Elf:2    | Received a gift from Okawaru
 31666 | Elf:2    | Noticed a deep elf blademaster
 32477 | Elf:2    | Reached skill level 21 in Shields
 33235 | Spider:1 | Entered Level 1 of the Spider Nest
 34828 | Spider:2 | Received a gift from Okawaru
 36099 | Spider:2 | HP: 7/158 [disintegration (42)]
 37059 | Spider:3 | Reached skill level 22 in Shields
 37161 | Spider:3 | Reached XP level 18. HP: 157/166 MP: 19/19
 37623 | Spider:4 | Entered Level 4 of the Spider Nest
 37662 | Spider:3 | Received a gift from Okawaru
 38144 | Spider:4 | Noticed Arachne
 38174 | Spider:4 | Killed Arachne
 38205 | Spider:4 | Blown up by an orb spider

Skill      XL: |  1  2  3  4  5  6  7  8  9 10 11 12 13 14 15 16 17 18 |
---------------+-------------------------------------------------------+-----
Armour         | 4 5 7 8 9 10 12 13 14 15 16 | 16.9
Fighting       | 4 5 6 7 9 10 11 12 13 14 15 16 | 16.4
Shields        | 4 5 6 7 8 9 11 12 13 15 17 19 20 22 | 22.4
Long Blades    | 3 4 5 7 9 10 11 13 14 15 16 17 18 | 18.0
Dodging        | 1 2 3 4 5 6 |  6.2
Stealth        | 1 2 3 |  3.0
Invocations    | 1 2 3 |  3.0
Evocations     | 1 |  1.8

Action                   |  1- 3 |  4- 6 |  7- 9 | 10-12 | 13-15 | 16-18 || total
-------------------------+-------+-------+-------+-------+-------+-------++-------
Melee: Long sword        |    76 |   145 |   433 |   343 |       |       ||   997
       Headbutt          |    12 |    25 |    97 |   178 |   449 |   456 ||  1217
       Falchion          |       |       |       |   451 |  1631 |  1604 ||  3686
Invok: Heroism           |       |       |     2 |     8 |    18 |     9 ||    37
       Finesse           |       |       |       |       |     3 |     1 ||     4
Evoke: Wand              |       |       |       |    19 |     1 |       ||    20
  Use: Potion            |       |     1 |     2 |     2 |     7 |     3 ||    15
       Scroll            |       |       |     6 |    12 |    21 |    16 ||    55
 Stab: Petrified         |       |       |       |       |     3 |       ||     3
       Distracted        |       |       |       |       |     1 |       ||     1
  Eat: Chunk             |       |     3 |    13 |    17 |    33 |    31 ||    97
       Ration            |       |       |       |     2 |     2 |     3 ||     7
Armor: Scale mail        |    65 |    28 |       |       |       |       ||    93
       Chain mail        |       |    42 |   198 |   163 |       |       ||   403
       Plate armour      |       |       |       |    61 |   686 |   851 ||  1598
Dodge: Dodged            |    42 |    41 |   114 |   166 |   566 |   599 ||  1528
Block: Shield            |    70 |    82 |   242 |   436 |  1136 |  1420 ||  3386
       Rpst.: Long sword |     8 |    11 |    33 |    14 |       |       ||    66
       Falchion          |       |       |       |    28 |   122 |   100 ||   250
